 Dungeon Sprint DCSS version 0.29-a0-194-g6e3aafee17 (webtiles) character file.

Game seed: 13892540805995921158

189 Zeldest the Insei (level 5, 38/47 HPs)
             Began as a Demonspawn Transmuter on Feb 22, 2022.
             Quit the game in the Dungeon (Sprint IX: "|||||||||||||||||||||||||||||").
             The game lasted 00:00:27 (41 turns).

Zeldest the Insei (Demonspawn Transmuter)             Turns: 41, Time: 00:00:27

Health: 38/47      AC:  4    Str: 12    XL:     5   Next: 40%
Magic:  4/8        EV: 12    Int: 14    God:
Gold:   0          SH:  0    Dex: 14    Spells: 7/8 levels left

rFire   . . .      SeeInvis .     - Unarmed
rCold   . . .      Faith    .   (no shield)
rNeg    . . .      Spirit   .   a - +0 robe
rPois   .          Reflect  .   (helmet currently unavailable)
rElec   .          Harm     .   (no cloak)
rCorr   .          Rampage  .   (no gloves)
Will    .....      NoTele   +   (boots currently unavailable)
Stlth   +.........              (no amulet)
HPRegen 0.15/turn               (no ring)
MPRegen 0.11/turn               (no ring)

@: appendages (expiring), on berserk cooldown, hasted and slowed
A: horns 2, talons 2, slimy green scales 1, ignite blood 1, demonic magic 2
a: End Transformation


You were in the Dungeon.
You had temporarily grown beastly horns and talons.
You visited 1 branch

Inventory:

Armour
 a - a +0 robe (worn)
Scrolls
 g - a scroll of blinking
Potions
 b - a potion of curing
 c - a potion of heal wounds
 e - 2 potions of magic


   Skills:
 + Level 6.4 Fighting
 - Level 1.7 Dodging
 + Level 6.5 Unarmed Combat
 - Level 2.0 Spellcasting
 + Level 6.1 Transmutations


You had 7 spell levels left.
You knew the following spells:

 Your Spells              Type           Power      Damage    Failure   Level
a - Beastly Appendage     Tmut           36%        N/A       1%          1

Your spell library contained the following spells:

 Spells                   Type           Power      Damage    Failure   Level
 Wereblood                Tmut           18%        N/A       2%          2
 Spider Form              Tmut/Pois      10%        N/A       21%         3
 Ice Form                 Ice/Tmut       10%        N/A       54%         4


Dungeon Overview and Level Annotations

Branches:
Dungeon (1/1)

Altars:


Innate Abilities, Weirdness & Mutations

You have temporarily grown beastly horns and talons.
You are partially covered in slimy green scales. (AC +2)
Your demonic aura sometimes causes spilled blood to erupt in flames.
Spells you cast may paralyse nearby enemies.


Message History

Increase (S)trength, (I)ntelligence, or (D)exterity?
You feel stronger. x2; Your demonic ancestry asserts itself...
A menacing aura infuses your magic.
You have reached level 4!
You feel agile.
Your demonic ancestry asserts itself...
Your magic grows more menacing.
You punch the ufetubus!
You kill the ufetubus!
Your Fighting skill increases to level 5!
The orc priest completely misses you.
There is an open door here.
You hit the orc priest. Your punch misses the orc priest.
The orc priest is heavily wounded.
Your transformation is almost over.
You barely miss the orc priest. You headbutt the orc priest.
The orc priest is severely wounded.
The orc priest hits you but does no damage.
You closely miss the orc priest. Your kick misses the orc priest.
You punch the orc priest.
You kill the orc priest!
Your Transmutations skill increases to level 5!
You closely miss the scorpion. You claw the scorpion!
You headbutt the scorpion!
You kill the scorpion!
Your Fighting skill increases to level 6!
Your Unarmed Combat skill increases to level 6!
Your Transmutations skill increases to level 6!
You have reached level 5!
Your demonic ancestry asserts itself...
Slimy green scales grow over part of your body.
You see here a +0 dagger.
You hit the orc. You headbutt the orc.
You kill the orc!
Things that are here:
a +0 dagger; a +0 leather armour; an orc corpse You feel a strong urge to attack something.
You are no longer berserk.
You are exhausted.
You feel yourself slow down.
Are you sure you want to abandon this character and quit the game? (Confirm with "yes".) ▓▓▓▓▓▓▓▓▓▓▓▓▓▓▓▓▓▓ +.@.))'...).'...<▓ ▓▓▓▓▓▓▓▓▓▓▓▓▓▓▓▓▓▓

There were no monsters in sight!

Vanquished Creatures
  A necrophage (D)
  A scorpion (D)
  An orc priest (D)
  An ufetubus (D)
  A dart slug (D)
  An orc (D)
  A giant cockroach (D)
  2 goblins (D)
  A ball python (D)
10 creatures vanquished.

Notes
Turn   | Place    | Note
-------+----------+-------------------------------------------
     0 | D        | Zeldest the Demonspawn Transmuter began the quest for the
                  | Orb.
     0 | D        | Reached XP level 1. HP: 15/15 MP: 3/3
     3 | D        | Banished a spatial maelstrom
    24 | D        | Noticed a scorpion
    24 | D        | Noticed an orc priest
    24 | D        | Noticed a necrophage
    29 | D        | Killed a necrophage
    30 | D        | Reached skill level 5 in Unarmed Combat
    30 | D        | Gained mutation: Your demonic aura sometimes causes spilled
                  | blood to erupt in flames. [demonic ancestry]
    30 | D        | Reached XP level 2. HP: 26/26 MP: 3/5
    30 | D        | Gained mutation: Spells you cast may paralyse adjacent
                  | enemies. [demonic ancestry]
    30 | D        | Reached XP level 3. HP: 32/32 MP: 3/6
    30 | D        | Gained mutation: Spells you cast may paralyse nearby
                  | enemies. [demonic ancestry]
    30 | D        | Reached XP level 4. HP: 38/38 MP: 3/7
    31 | D        | Reached skill level 5 in Fighting
    35 | D        | Reached skill level 5 in Transmutations
    35 | D        | Killed a scorpion
    36 | D        | Gained mutation: You are partially covered in slimy green
                  | scales. (AC +2) [demonic ancestry]
    36 | D        | Reached XP level 5. HP: 47/47 MP: 3/8
    41 | D        | Quit the game

Illustrated notes

Levels and vault maps discovered:
D:        linesprint [early_d, line_temple, items_1, d_10, items_2, lair_1,
          lair_end, items_3, orc_1, orc_end, items_4, d_15, swamp_1, shoals_1,
          snake_1, spider_1, d_20, vaults_1, items_5, swamp_end, shoals_end,
          snake_end, spider_end, vaults_end, d_27, items_6, zot_1, zot_end,
          crypt_end, forest_end, elf_end, slime_end, tomb_end, abyss_end,
          pan_hell_end]

Skill      XL: |  1  2  3  4 |
---------------+-------------+-----
Unarmed Combat | 5 6 |  6.5
Transmutations | 4 6 |  6.1
Fighting       | 4 6 |  6.4
Dodging        | |  1.7
Spellcasting   | |  2.0

Action                   |  1- 3 |  4- 6 || total
-------------------------+-------+-------++-------
Melee: Unarmed           |    15 |     6 ||    21
       Kick              |     4 |     1 ||     5
       Headbutt          |     2 |     3 ||     5
       Punch             |       |     1 ||     1
 Cast: Beastly Appendage |     2 |       ||     2
  Use: Potion            |     2 |       ||     2
Armor: Robe              |     3 |     1 ||     4
Dodge: Dodged            |     5 |     1 ||     6

Table legend: (Time is in decaauts)
 A = Elapsed time spent in this place.
 B = Non-inter-level travel time spent in this place.
 C = Inter-level travel time spent in this place.
 D = Time resting spent in this place.
 E = Time spent auto-exploring this place.
 F = Levels seen in this place.
 G = Mean time per level.
                   A        B        C        D        E       F      G
               +--------+--------+--------+--------+--------+-----+--------+
         Total |     34 |     34 |      0 |      0 |      0 |   1 |   34.0 |
       Dungeon |     34 |     34 |      0 |      0 |      0 |   1 |   34.0 |
               +--------+--------+--------+--------+--------+-----+--------+

Top non-repeatable levels by time:
       D: 34 daAuts
